AoeStats
← VIT | Hera

QS Arena

503375396Analyzed
1v1 RM · 1mo ago on Aug 31, 2026· 37m 49s· 2 players
Game mode
Random Map
Map size
Tiny (2 player)
Population
200
Speed
Normal
Resources
Standard
Victory
Conquest
Starting age
Dark Age
Ending age
Imperial Age
RankedLock teamsTeams togetherTeam positionsShared explorationLock speedFull tech treeHidden civsTurbo modeCheats
Victory
Defeat
🇺🇸 Hindustanis · United States
995
+45
🇨🇳 Wu · China
1000
-16
bromanbillus
9:17 Feudal Age
12:49 Castle Age
10:41 Double-Bit Axe
14:14 Bow Saw
13:54 Loom
16:43 Horse Collar
25:20 Imperial Age
23:45 Scale Mail Armor
23:50 Gold Mining
24:04 Heavy Plow
25:44 Squires
26:55 Chain Mail Armor
28:50 Conscription
28:46 Forging
30:01 Wheelbarrow
33:05 Chemistry
33:07 Hand Cart
34:04 Padded Archer Armor
37:25 Leather Archer Armor
VIT | Hera
8:19 Feudal Age
6:36 Loom
11:54 Castle Age
10:33 Double-Bit Axe
11:22 Gold Mining
15:44 Bow Saw
15:51 Bow Saw
17:33 Gold Shaft Mining
17:20 Fletching
17:35 Horse Collar
18:21 Heavy Plow
20:02 Bodkin Arrow
21:09 Wheelbarrow
21:42 Redemption
24:08 Fervor
24:46 Red Cliffs Tactics
27:00 Hand Cart
30:48 Imperial Age
28:38 Stone Mining
30:27 Stone Shaft Mining
32:47 Two-Man Saw
33:22 Heavy Hei Guang Cavalry
34:12 Bloodlines
34:03 Husbandry
35:37 Scale Barding Armor
35:45 Forging
36:42 Chain Barding Armor
37:18 Iron Casting
Connection lost

Rejoining the realm…

Still unreachable

The connection could not be restored.

Session expired

The server has moved on; the page needs a fresh start.